Map: Sludge City

Players

Tenonee

  • Race: Zerg Zerg
  • League: Diamond
  • Spawn Location: 9:00

Hardwell

  • Race: Protoss Protoss
  • League: Master
  • Spawn Location: 11:00

Pokmarine - Winner!

  • Race: Terran Terran
  • League: Master
  • Spawn Location: 5:00

Shredder - Winner!

  • Race: Terran Terran
  • Spawn Location: 5:00

VOD

Have the link to the VOD?

Description

Time

  • Played on: July 26, 2016, 1:34 p.m.
  • Length: 6:41
Show
View Real Time Build Order
Export as new Build Order

Tenonee Zerg 

Build Orders: Hatch First 

Get SALT Encoding   

  12  0:03  Drone  
  13  0:14  Drone  
  13  0:18  Overlord  
  14  0:25  Extractor  
  14  0:27  Extractor  
  12  0:28  Drone  
  12  0:29  Drone  
  16  0:37  Drone  
  17  0:47  Drone  
  18  0:59  Hatchery  
  18  1:03  Drone  
  18  1:06  Extractor  
  17  1:17  Spawning Pool  
  16  1:26  Drone x2  
  18  1:33  Overlord  
  18  1:42  Drone  
  19  1:54  Drone  
  20  2:13  Metabolic Boost, Queen x2  
  22  2:44  Hatchery  
  20  2:57  Roach Warren  
  19  3:09  Lair  
  19  3:11  Roach Warren  
  19  3:12  Queen  
  21  3:29  Zergling x14  
  21  3:30  Zergling x4  
  30  3:46  Roach x3  
  36  3:49  Overlord x2  
  27  4:23  Glial Reconstitution  
  27  4:25  Roach x11  
  27  4:28  Overlord  
  49  4:35  Queen  
  49  4:36  Queen x2  
  49  4:37  Overlord x2  
  49  4:38  Overlord x3  
  55  4:49  Ravager x2  
  57  4:53  Drone x6  
  60  5:11  Queen  
  59  5:19  Roach  
  59  5:20  Roach x9  
  75  5:43  Roach x5  
Show
View Real Time Build Order
Export as new Build Order

Hardwell Protoss 

Build Orders:  

Get SALT Encoding   

  12  3:02  Assimilator x2  
  13  3:41  Probe (Chrono Boost)  
  13  3:52  Probe (Chrono Boost)  
  14  4:02  Probe (Chrono Boost)  
  15  5:43  Probe (Chrono Boost)  
Show
View Real Time Build Order
Export as new Build Order

Pokmarine Terran - Winner!

Build Orders: Liberator Opening, Reaper Expand 

Get SALT Encoding   

  12  0:01  SCV  
  13  0:13  SCV  
  14  0:17  Supply Depot  
  14  0:25  SCV  
  15  0:39  SCV  
  15  0:41  Barracks  
  16  0:47  Refinery  
  16  0:51  SCV  
  17  1:03  SCV  
  18  1:15  SCV  
  19  1:28  Orbital Command  
  19  1:30  Reaper  
  20  1:43  Command Center  
  20  1:52  Supply Depot  
  20  1:54  SCV  
  21  2:05  Marine  
  21  2:06  SCV  
  21  2:07  Factory  
  23  2:19  SCV  
  24  2:24  Barracks Reactor  
  24  2:31  SCV  
  25  2:43  SCV  
  26  3:00  SCV  
  26  3:01  Marine x2  
  26  3:03  Starport  
  26  3:04  Hellion  
  30  3:07  Refinery  
  30  3:09  SCV  
  31  3:19  Supply Depot  
  31  3:21  Bunker  
  31  3:22  Bunker  
  31  3:23  Orbital Command  
  31  3:26  Marine x2  
  33  3:28  Factory Tech Lab  
  33  3:29  SCV  
  34  3:41  SCV  
  34  3:45  Engineering Bay  
  35  3:49  SCV  
  35  3:53  SCV  
  37  3:59  Liberator x2  
  37  4:01  SCV  
  38  4:05  SCV  
  38  4:08  Refinery  
  39  4:13  SCV  
  39  4:15  Supply Depot x2  
  46  4:20  SCV  
  47  4:25  SCV  
  47  4:30  Marine  
  49  4:32  SCV  
  49  4:37  SCV  
  51  4:40  Supply Depot  
  51  4:44  SCV  
  52  4:46  Liberator  
  52  4:48  Siege Tank  
  52  4:49  Marine, SCV  
  57  4:53  Refinery  
  57  4:56  SCV  
  57  4:59  Barracks  
  58  5:01  Barracks, SCV  
  58  5:02  Supply Depot  
  62  5:08  SCV  
  62  5:09  Barracks Tech Lab  
  62  5:13  SCV  
  64  5:20  SCV  
  65  5:22  Siege Tank  
  65  5:25  SCV  
  69  5:29  Supply Depot  
  69  5:33  SCV  
  70  5:37  SCV  
  71  5:45  SCV  
  71  5:48  Marine  
  71  5:49  Medivac, Barracks  
  76  5:50  SCV  
  76  5:51  Barracks  
  76  5:57  SCV  
  76  6:02  SCV  
  78  6:09  SCV  
  79  6:14  SCV  
  80  6:21  SCV  
  76  6:28  SCV  
Show
View Real Time Build Order
Export as new Build Order

Shredder Terran - Winner!

Build Orders:  

Get SALT Encoding   

  12  0:01  SCV  
  13  0:13  SCV  
  14  0:20  Supply Depot  
  14  0:35  Refinery  
  14  0:45  Barracks  
  14  1:11  SCV  
  14  1:18  Refinery  
  15  1:23  SCV  
  16  1:32  Marine  
  17  1:34  Supply Depot  
  17  1:35  SCV  
  18  1:47  SCV  
  18  1:49  Marine  
  20  2:00  SCV  
  21  2:01  Factory  
  21  2:07  Marine  
  22  2:12  Orbital Command  
  22  2:25  Marine  
  23  2:37  SCV  
  23  2:43  Marine  
  25  2:44  Supply Depot  
  25  2:46  Factory Tech Lab  
  25  2:49  Starport  
  25  2:50  SCV  
  26  3:01  Marine  
  26  3:02  SCV  
  26  3:04  Siege Tank  
  31  3:09  Supply Depot  
  31  3:14  SCV  
  31  3:18  Marine  
  33  3:26  SCV  
  34  3:27  Medivac  
  36  3:35  Command Center  
  36  3:41  Marine  
  36  3:44  SCV  
  36  3:45  Siege Tank  
  41  3:56  SCV  
  41  3:58  Medivac  
  41  4:01  Marine  
  45  4:09  Engineering Bay, SCV  
  46  4:33  Marine  
  46  4:35  Starport Reactor  
  47  4:39  Supply Depot  
  47  4:41  Missile Turret  
  47  4:47  SCV, Siege Tank, Orbital Command  
  47  4:49  Supply Depot  
  47  4:51  Marine  
  52  4:59  SCV  
  53  5:02  Supply Depot  
  53  5:11  SCV  
  43  5:34  Marine  
  43  5:35  Viking x2  
  48  5:37  SCV  
  49  5:49  SCV  
  50  5:52  Marine  
  51  6:01  SCV  
  52  6:05  Viking  
  52  6:09  Marine  
Tags
 
Add a new tag
Caveats
  • Supply blocks, unpowered buildings, or Contaminate may cause inaccurate times.
  • Supply counts are checked every 10 seconds.